 Dungeon Crawl Stone Soup version 0.13-b1-28-gc7b9293 (webtiles) character file.

237 Kae the Cudgeler (level 4, -8/58 HPs)
             Began as a Minotaur Berserker on Oct 4, 2013.
             Was a Believer of Trog.
             Mangled by a goblin
             ... wielding a +1,+0 dagger of electrocution
              (15 damage)
             ... on Level 3 of the Dungeon.
             The game lasted 00:02:07 (1257 turns).

Kae the Cudgeler (Minotaur Berserker)               Turns: 1257, Time: 00:02:07

HP  -8/58        AC  2     Str 27      XL: 4   Next: 76%
MP   1/1         EV 12     Int  5      God: Trog [**....]
Gold 116         SH  0     Dex  9      Spells:  0 memorised,  3 levels left

Res.Fire  : . . .   See Invis. : .   m - +2 whip (flame)
Res.Cold  : . . .   Warding    : .   b - +0 animal skin
Life Prot.: . . .   Conserve   : .   (no shield)
Res.Poison: .       Res.Corr.  : .   (helmet restricted)
Res.Elec. : .       Clarity    : .   (no cloak)
Sust.Abil.: . .     Spirit.Shd : .   (no gloves)
Res.Mut.  : .       Stasis     : .   (no boots)
Res.Rott. : .       Flight     : .   (no amulet)
Saprovore : . . .                    (no ring)
                                     (no ring)

@: regenerating (expiring), berserking, very quick, quite resistant to hostile
enchantments, extremely unstealthy
A: retaliatory headbutt, horns 2
a: Burn Spellbooks, Berserk, Trog's Hand, Renounce Religion


You were on level 3 of the Dungeon.
You worshipped Trog.
Trog was pleased with you.
You were not hungry.

You visited 1 branch of the dungeon, and saw 3 of its levels.

You collected 96 gold pieces.

Inventory:

Hand weapons
 a - a +0,+0 mace
 m - a +2,+2 whip of flaming (weapon)
Armour
 b - a +0 animal skin (worn)
Comestibles
 c - a bread ration
Scrolls
 e - 4 scrolls of remove curse {unknown}
 f - a scroll of teleportation {unknown}
 i - a scroll of random uselessness {unknown}
 k - 2 scrolls of enchant weapon II {unknown}
 n - 2 scrolls of fear {unknown}
 o - 2 scrolls of fog {unknown}
 p - a scroll of curse armour {unknown}
 q - a scroll of identify {unknown}
 r - a scroll of recharging {unknown}
 t - a scroll of magic mapping {unknown}
Potions
 d - 2 potions of restore abilities {unknown}
 g - a potion of agility {unknown}
 h - a potion of brilliance {unknown}
 j - a potion of speed {unknown}
 l - a potion of magic {unknown}
 s - a potion of curing {unknown}
 u - a potion of invisibility {unknown}


   Skills:
 - Level 3.6 Fighting
 * Level 6.7 Maces & Flails
 - Level 2.4 Armour
 - Level 2.1 Dodging


You had 3 spell levels left.
You didn't know any spells.

Dungeon Overview and Level Annotations

Branches:
Dungeon (3/27)

Altars:
Sif Muna


Innate Abilities, Weirdness & Mutations

You reflexively headbutt those who attack you in melee.
You have a pair of horns on your head.


Message History

* * * LOW HITPOINT WARNING * * *
Your skin is crawling a little less now.
The gnoll hits you from afar with a spear!
* * * LOW HITPOINT WARNING * * *
Things that are here:
a spear; a gnoll corpse You closely miss the gnoll.
You headbutt the gnoll!
You kill the gnoll!
Trog accepts your kill. The gnoll hits you with a spear.
* * * LOW HITPOINT WARNING * * *
Things that are here:
a spear; a gnoll corpse You closely miss the gnoll.
You headbutt the gnoll!
The gnoll is almost dead.
You whack the gnoll! You burn the gnoll.
You kill the gnoll!
Trog accepts your kill. The goblin hits you but does no damage.
You are electrocuted!
You die...

#.#########
#...g@))..##.#
#########.##.#
#.##.# #.##.#
#.##.# #.##.#
#.##.########
#...........##
#.............


You could see a goblin.

Vanquished Creatures
  Terence (D:2)
  4 adders
  3 gnolls (D:3)
  A ball python (D:2)
  3 giant cockroaches
  6 goblins
  6 hobgoblins
  3 kobolds
  4 bats
  3 giant newts (D:2)
  4 jackals (D:2)
  6 rats
44 creatures vanquished.

Notes
Turn   | Place    | Note
--------------------------------------------------------------
     0 | D:1      | Kae, the Minotaur Berserker, began the quest for the Orb.
     0 | D:1      | Reached XP level 1. HP: 19/19 MP: 0/0
   107 | D:1      | Reached skill level 4 in Maces & Flails
   224 | D:1      | Reached XP level 2. HP: 26/26 MP: 0/0
   531 | D:2      | Acquired Trog's second power
   582 | D:2      | Reached skill level 5 in Maces & Flails
   582 | D:2      | Reached XP level 3. HP: 24/33 MP: 1/1
   725 | D:2      | Found a deep blue altar of Sif Muna.
   854 | D:2      | Noticed Terence
   861 | D:2      | Killed Terence
   861 | D:2      | Reached XP level 4. HP: 37/39 MP: 1/1
  1010 | D:2      | Reached skill level 6 in Maces & Flails
  1257 | D:3      | Mangled by a goblin

Action                   |  1- 3 |  4- 6 || total
-------------------------+-------+-------++-------
Melee: Mace              |    18 |       ||    18
       Whip              |    40 |    24 ||    64
Invok: Trog's Hand       |     1 |     2 ||     3
       Berserk           |       |     1 ||     1
